 Dungeon Crawl Stone Soup version 0.23.0-38-g208d714 (webtiles) character file.

Game seed: 0

4517 Lanoc the Envoy of Void (level 10, -1/77 HPs)
             Began as a Demonspawn Abyssal Knight on Feb 27, 2019.
             Was a High Priest of Lugonu.
             Slain by a troll (5 damage)
             ... on level 9 of the Dungeon.
             The game lasted 00:21:24 (10885 turns).

Lanoc the Envoy of Void (DsAK)                     Turns: 10885, Time: 00:21:25

Health: -1/77      AC: 19    Str: 15    XL:     10   Next: 17%
Magic:  18/18      EV:  6    Int: 18    God:    Lugonu [*****.]
Gold:   601        SH:  0    Dex: 14    Spells: 9/9 levels left

rFire    . . .     SeeInvis +   a - +2 falchion (elec)
rCold    . . .     Gourm    .   (no shield)
rNeg     . . .     Faith    .   D - +1 plate armour {rPois}
rPois    +         Spirit   .   A - +2 hat
rElec    .         Reflect  .   g - scarf {repulsion}
rCorr    +         Harm     .   (no gloves)
MR       .....                  (no boots)
Stlth    ..........             (no amulet)
HPRegen  0.22/turn              t - ring of see invisible
MPRegen  0.16/turn              (no ring)

@: brilliant, repel missiles
A: talons 1, yellow scales 3, nightstalker 2, powered by pain 1
a: Depart the Abyss, Bend Space, Banish, Corrupt, Enter the Abyss, Renounce
Religion


You were on level 9 of the Dungeon.
You worshipped Lugonu.
Lugonu was extremely pleased with you.
You were not hungry.

You visited 2 branches of the dungeon, and saw 10 of its levels.
You visited the Abyss 1 time.
You also visited: Ossuary.

You collected 601 gold pieces.

Inventory:

Hand Weapons
 a - a +2 falchion of electrocution (weapon)
Missiles
 y - 4 exploding tomahawks (quivered)
Armour
 g - a scarf of repulsion (worn)
 A - a +2 hat (worn)
 D - a +1 plate armour of poison resistance (worn)
Jewellery
 t - a ring of see invisible (left hand)
Wands
 o - a wand of random effects (14)
 r - a wand of iceblast (21)
 w - a wand of enslavement (10)
 x - a wand of polymorph (6)
Scrolls
 b - a scroll of blinking
 f - 2 scrolls of fog
 k - 3 scrolls of enchant weapon
 p - 3 scrolls of fear
 q - 2 scrolls of teleportation
 z - 2 scrolls of magic mapping {unknown}
 B - a scroll of immolation {unknown}
 C - a scroll of remove curse
 E - a scroll of random uselessness {unknown}
Potions
 d - 2 potions of brilliance
 e - 3 potions of heal wounds {unknown}
 i - a potion of magic
 j - 3 potions of haste
 l - 2 potions of mutation
 m - 2 potions of cancellation
 n - 4 potions of flight
 s - a potion of resistance
 u - 5 potions of lignification
 v - a potion of degeneration {unknown}
Comestibles
 c - 14 rations
 F - 2 chunks of flesh


   Skills:
 + Level 6.3 Fighting
 * Level 7.4 Long Blades
 + Level 5.4 Armour
 + Level 5.1 Dodging
 * Level 10.6 Invocations


You had 9 spell levels left.
You didn't know any spells.
Your spell library was empty.

Dungeon Overview and Level Annotations

Branches:
Dungeon (9/15)             Temple (1/1) D:4            Lair (0/6) D:8
    Orc: D:9-12

Altars:
Dithmenos
Fedhas
Gozag
Kikubaaqudgha
Nemelex Xobeh
Wu Jian

Shops:
D:4 (   D:6 %

Annotations:
D:7 3 runed translucent doors, HEYYEYAAE's ghost, novice OpHu


Innate Abilities, Weirdness & Mutations

You have sharp toenails.
You are completely covered in yellow scales. (AC +4, rCorr)
You are significantly more attuned to the shadows.
You sometimes gain a little power by taking damage.


Message History

The troll bites you but does no damage. The troll claws you.
* * * LOW HITPOINT WARNING * * *
The troll claws you but does no damage.
You completely miss the troll.
The troll is severely wounded.
The troll bites you!
* * * LOW HITPOINT WARNING * * *
The troll claws you but does no damage. x2
You feel better. The troll barely misses you.
The troll claws you but does no damage. x2
You closely miss the troll. You claw the troll.
The troll is almost dead.
The troll bites you but does no damage. The troll claws you.
* * * LOW HITPOINT WARNING * * *
The troll claws you!
* * * LOW HITPOINT WARNING * * *
It was a potion of brilliance.
You feel clever all of a sudden. The troll bites you but does no damage.
The troll claws you.
You die...

.....##.# #.#..#
#....##.# #.#..#
#....##.#####.#..#
.................#
.#####..#####.##.#.#
.# #..# #.##.#.#
.#####..### #.##.#.#
.##.##....# #.##T#.#
.##.##..#.###.##@#.#
...................#
..........#.####)#.#
.##.#........# #)#.#
.##.#...###.## #)#.#
.##........... #<#.#
.##.#...###.## ###.#
...... ... Y#.###


You could see a troll.

Vanquished Creatures
  A two-headed ogre (D:7)
  Prince Ribbit (D:8)
  5 yaks
  Eustachio (D:4)
  2 orc warriors (D:7)
  2 ice beasts
  A phantom (D:6)
  An ogre (D:9)
  5 centaurs
  2 big kobolds (D:8)
  2 bullfrogs
  4 scorpions
  3 killer bees (D:8)
  A howler monkey (D:8)
  3 crimson imps
  A bullfrog zombie (D:5)
  4 hounds
  A quasit (D:7)
  3 orc priests
  2 bullfrog skeletons
  3 jellies
  6 orc wizards
  Jessica (D:2)
  2 iguanas
  4 worker ants
  2 big kobold zombies (Ossuary)
  8 mummies (Ossuary)
  A worker ant zombie (D:7)
  Robin (D:3)
  A howler monkey skeleton (D:5)
  7 adders
  A shadow imp (D:5)
  An adder skeleton (D:8)
  An adder zombie (D:5)
  2 worms
  2 dart slugs
  2 leopard geckos
  33 orcs
  11 bats
  3 giant cockroaches
  14 goblins
  13 hobgoblins
  10 jackals
  5 quokkas
  3 ball pythons
  4 frilled lizards
  A gnoll zombie (Ossuary)
  2 hobgoblin zombies (Ossuary)
  13 kobolds
  2 kobold zombies (Ossuary)
  An orc zombie (Ossuary)
  10 rats
215 creatures vanquished.

Notes
Turn   | Place    | Note
-------+----------+-------------------------------------------
     0 | Abyss:1  | Lanoc the Demonspawn Abyssal Knight began the quest for the
                  | Orb.
     0 | Abyss:1  | Reached XP level 1. HP: 18/18 MP: 2/2
     4 | D:1      | Escaped the Abyss
    58 | D:1      | Reached skill level 1 in Dodging
    94 | D:1      | Gained mutation: You are partially covered in yellow
                  | scales. (AC +2) [demonic ancestry]
    94 | D:1      | Reached XP level 2. HP: 24/24 MP: 4/4
   240 | D:1      | Reached skill level 3 in Invocations
   692 | D:1      | Reached ** piety under Lugonu
   801 | D:1      | Gained mutation: You are mostly covered in yellow scales.
                  | (AC +3) [demonic ancestry]
   801 | D:1      | Reached XP level 3. HP: 29/29 MP: 5/5
  1231 | D:2      | Noticed Jessica
  1235 | D:2      | Gained mutation: You are slightly more attuned to the
                  | shadows. [demonic ancestry]
  1235 | D:2      | Reached XP level 4. HP: 35/35 MP: 6/6
  1239 | D:2      | Killed Jessica
  1239 | D:2      | Reached skill level 4 in Invocations
  2171 | D:3      | Noticed Robin
  2219 | D:3      | Gained mutation: You are significantly more attuned to the
                  | shadows. [demonic ancestry]
  2219 | D:3      | Reached XP level 5. HP: 23/41 MP: 8/8
  2338 | D:3      | Reached *** piety under Lugonu
  2534 | D:3      | Killed Robin
  3142 | D:3      | Found a faded altar of an unknown god.
  3683 | D:4      | Found Uzxeusih's Weapon Shoppe.
  3704 | D:4      | Reached skill level 5 in Invocations
  3704 | D:4      | Gained mutation: You sometimes gain a little power by
                  | taking damage. [demonic ancestry]
  3704 | D:4      | Reached XP level 6. HP: 35/48 MP: 9/9
  3888 | D:4      | Found a staircase to the Ecumenical Temple.
  3908 | Temple   | Entered the Ecumenical Temple
  3920 | D:4      | Noticed Eustachio
  3976 | D:4      | Killed Eustachio
  4542 | D:5      | Entered Level 5 of the Dungeon
  4632 | D:5      | Gained mutation: You have sharp toenails. [demonic
                  | ancestry]
  4632 | D:5      | Reached XP level 7. HP: 30/54 MP: 11/11
  4655 | D:5      | Got a slimy leather armour
  4666 | D:5      | Identified the +1 leather armour of Pohos {-Cast rF+ rN+
                  | Int+8} (You found it on level 5 of the Dungeon)
  4851 | D:5      | Reached skill level 6 in Invocations
  6025 | D:6      | Reached skill level 7 in Invocations
  6095 | D:6      | Gained mutation: You are completely covered in yellow
                  | scales. (AC +4, rCorr) [demonic ancestry]
  6095 | D:6      | Reached XP level 8. HP: 21/61 MP: 13/13
  6172 | D:6      | Reached **** piety under Lugonu
  6787 | D:6      | Reached skill level 5 in Long Blades
  6964 | D:6      | Found Exil's Food Emporium.
  7058 | D:6      | Found an ancient bone altar of Kikubaaqudgha.
  7494 | D:7      | Found a blossoming altar of Fedhas.
  7503 | D:7      | Found a shadowy altar of Dithmenos.
  7518 | D:7      | Found a runed translucent gate.
  7520 | D:7      | Found a runed translucent gate.
  7520 | D:7      | Found an opulent altar of Gozag.
  7521 | D:7      | Found a runed translucent gate.
  7522 | D:7      | Noticed a five-headed hydra
  7522 | D:7      | Noticed HEYYEYAAE's ghost (novice OpHu)
  7550 | D:7      | HP: 2/61 [orc warrior/+0 hand axe (15)]
  7605 | D:7      | Reached skill level 5 in Fighting
  7605 | D:7      | Reached skill level 8 in Invocations
  8311 | D:7      | Found an ornate altar of the Wu Jian Council.
  8484 | D:7      | Noticed a two-headed ogre
  8491 | D:7      | Killed a two-headed ogre
  8491 | D:7      | Reached skill level 9 in Invocations
  8491 | D:7      | Reached XP level 9. HP: 24/68 MP: 15/15
  9109 | D:8      | Found a sand-covered staircase.
  9114 | Ossuary  | Entered an ossuary
  9638 | D:8      | Noticed Prince Ribbit
  9653 | D:8      | Killed Prince Ribbit
  9653 | D:8      | Reached skill level 5 in Armour
  9653 | D:8      | Reached skill level 10 in Invocations
  9680 | D:8      | Found a staircase to the Lair.
  9984 | D:8      | Found a sparkling altar of Nemelex Xobeh.
 10625 | D:8      | Reached XP level 10. HP: 43/76 MP: 17/17
 10781 | D:9      | Reached skill level 5 in Dodging
 10812 | D:9      | Reached ***** piety under Lugonu
 10885 | D:9      | Slain by a troll

Skill      XL: |  1  2  3  4  5  6  7  8  9 10 |
---------------+-------------------------------+-----
Dodging        | 1 2 3 4 5 |  5.1
Invocations    | 3 4 5 7 9 10 | 10.6
Armour         | 2 3 4 5 |  5.4
Long Blades    | 2 3 4 6 7 |  7.4
Fighting       | 4 5 6 |  6.3

Action                   |  1- 3 |  4- 6 |  7- 9 | 10-12 || total
-------------------------+-------+-------+-------+-------++-------
Melee: Falchion          |    98 |   250 |   390 |    47 ||   785
       Kick              |       |       |   136 |    14 ||   150
  Use: Scroll            |       |     7 |    10 |       ||    17
       Potion            |       |       |     8 |     2 ||    10
 Stab: Sleeping          |       |     9 |    14 |       ||    23
  Eat: Chunk             |     1 |    11 |    17 |       ||    29
       Ration            |       |       |     1 |       ||     1
Armor: Leather armour    |    58 |   103 |    78 |       ||   239
       Plate armour      |       |       |    77 |    33 ||   110
Dodge: Dodged            |    82 |   188 |   217 |    13 ||   500
       Deflected         |       |     1 |     4 |       ||     5
       Rpst.: Falchion   |    26 |    64 |    65 |     2 ||   157
